 Dungeon Crawl Stone Soup version 0.21.1-1-g345015fe64 (webtiles) character file.

40 DildoBatman the Sneak (level 3, -2/24 HPs)
             Began as a Formicid Enchanter on Feb 20, 2018.
             Slain by a killer bee (4 damage)
             ... on level 13 of the Dungeon.
             The game lasted 00:02:59 (1320 turns).

DildoBatman the Sneak (Formicid Enchanter)          Turns: 1320, Time: 00:02:59

Health: -2/24      AC:  5    Str: 13    XL:     3   Next: 72%
Magic:  6/6        EV: 11    Int: 14    God:
Gold:   126        SH:  0    Dex: 11    Spells: 6/7 levels left

rFire    . . .     SeeInvis +   b - +0 flail (crush)
rCold    . . .     Gourm    .   (no shield)
rNeg     . . .     Faith    .   n - +0 ring mail
rPois    .         Spirit   .   (helmet unavailable)
rElec    .         Reflect  .   (no cloak)
rCorr    .         Harm     .   (no gloves)
MR       .....                  (no boots)
Stlth    +.........             (no amulet)
HPRegen  0.08/turn              e - ring of loudness (curse)
MPRegen  0.10/turn              (no ring)

@: no status effects
A: permanent stasis, dig shafts and tunnels, four strong arms, antennae 3
a: Dig, Shaft Self


You were on level 13 of the Dungeon.
You were near starving.

You visited 1 branch of the dungeon, and saw 7 of its levels.

You collected 126 gold pieces.

Inventory:

Hand Weapons
 a - a +1 dagger
 b - a +0 flail of crushing (weapon)
Armour
 n - a +0 ring mail (worn)
Jewellery
 e - a cursed ring of loudness (left hand)
Scrolls
 g - 2 scrolls of magic mapping {unknown}
 h - 2 scrolls of identify {unknown}
 i - 2 scrolls of remove curse {unknown}
 k - a scroll of enchant armour {unknown}
 l - a scroll of amnesia {unknown}
 p - 3 scrolls of teleportation {unknown}
Potions
 f - a potion of magic {unknown}
 j - a potion of flight {unknown}
 m - a potion of haste {unknown}
 o - a potion of experience {unknown}
 q - a potion of invisibility {unknown}
 s - a potion of heal wounds {unknown}
Books
 c - a book of Maledictions

   Spells                             Type                      Level
   a - Corona                         Hexes                        1
   b - Ensorcelled Hibernation        Hexes/Ice                    2
   c - Confuse                        Hexes                        3
   d - Tukima's Dance                 Hexes                        3
   e - Dazzling Spray                 Conjuration/Hexes            3
Comestibles
 d - 5 rations
 r - a chunk of flesh


   Skills:
 + Level 1.6 Short Blades
 + Level 2.2 Dodging
 + Level 4.0 Stealth
 + Level 2.6 Spellcasting
 + Level 4.0 Hexes


You had 6 spell levels left.
You knew the following spells:

 Your Spells              Type           Power        Failure   Level  Hunger
a - Corona                Hex            ##.....      10%         1    #......


Dungeon Overview and Level Annotations

Branches:
Dungeon (2/15)

Altars:
Vehumet
The Shining One


Innate Abilities, Weirdness & Mutations

You cannot be hasted, slowed, berserked, paralysed or teleported.
You can dig through walls and to a lower floor.
Your four strong arms can wield two-handed weapons with a shield.
You have a pair of large antennae on your head. (SInv)


Message History

The killer bee stings you.
You barely miss the killer bee.
The killer bee stings you but does no damage.
You closely miss the killer bee. The killer bee stings you. x2
The killer bee stings you but does no damage.
The killer bee barely misses you. x2
The killer bee misses you.
The killer bee stings you but does no damage.
The killer bee barely misses you. The killer bee stings you.
The killer bee closely misses you.
You closely miss the killer bee.
The killer bee stings you but does no damage.
The killer bee closely misses you. The killer bee stings you.
The killer bee barely misses you. x3
The killer bee stings you but does no damage.
The killer bee stings you.
You die...

##.. ..... .....
#...#######+###
#..............
#..............
#..............
##.............#
#.....@y.......#
#....yyy######.#
#.......# {#
.........# {
.........#
####.....#
#.....# #.....+


You could see 4 killer bees.

Vanquished Creatures
  2 dart slugs
  A leopard gecko (D:1)
  4 bats
  2 giant cockroaches (D:1)
  4 goblins
  5 hobgoblins
  6 kobolds
  5 frilled lizards
  A rat (D:2)
30 creatures vanquished.

Notes
Turn   | Place    | Note
-------+----------+-------------------------------------------
     0 | D:1      | DildoBatman the Formicid Enchanter began the quest for the Orb.
     0 | D:1      | Reached XP level 1. HP: 13/13 MP: 3/3
   289 | D:1      | Reached XP level 2. HP: 16/19 MP: 3/5
   544 | D:1      | Found a glowing golden altar of the Shining One.
   549 | D:1      | Reached XP level 3. HP: 20/24 MP: 4/6
  1303 | D:2      | You fall through a shaft for 2 floors!
  1306 | D:4      | You fall through a shaft for 3 floors!
  1306 | D:7      | Found a radiant altar of Vehumet.
  1306 | D:7      | Noticed a warg
  1306 | D:7      | Noticed an ogre
  1309 | D:7      | Noticed a warg
  1309 | D:7      | You fall through a shaft!
  1312 | D:8      | You fall through a shaft for 3 floors!
  1315 | D:11     | You fall through a shaft for 2 floors!
  1315 | D:13     | Noticed a killer bee
  1315 | D:13     | Noticed a killer bee
  1317 | D:13     | Noticed a killer bee
  1317 | D:13     | Noticed a killer bee
  1320 | D:13     | Slain by a killer bee

Skill      XL: |  1  2  3 |
---------------+----------+-----
Dodging        | 2 |  2.2
Stealth        | 4 |  4.0
Hexes          | 4 |  4.0
Short Blades   | |  1.6
Spellcasting   | |  2.6

Action                   || total
-------------------------++-------
Melee: Dagger            ||    80
       Flail             ||    23
 Cast: Corona            ||    31
 Abil: Shaft Self        ||     5
  Eat: Chunk             ||     2
Armor: Robe              ||    11
       Ring mail         ||    15
       Leather armour    ||     6
Dodge: Dodged            ||    91
